 Dungeon Crawl Stone Soup version 0.27.1-2-g3b301248ec (webtiles) character file.

Game seed: 4802391799016847189

1547 Rickety the Conjurer (level 8, -28/59 HPs)
             Began as a Gnoll Conjurer on Sept 28, 2021.
             Was an Initiate of Vehumet.
             Annihilated by a two-headed ogre (29 damage)
             ... on level 7 of the Dungeon.
             The game lasted 00:13:13 (7498 turns).

Rickety the Conjurer (Gnoll Conjurer)               Turns: 7498, Time: 00:13:14

Health: -28/59     AC:  3    Str:  7    XL:     8   Next: 87%
Magic:  10/17      EV: 13    Int: 19    God:    Vehumet [......]
Gold:   316        SH:  0    Dex: 11    Spells: 16/19 levels left

rFire    . . .     SeeInvis +   a - staff of death
rCold    . . .     Faith    .   (no shield)
rNeg     + . .     Spirit   .   e - +0 robe
rPois    .         Reflect  .   (no helmet)
rElec    .         Harm     .   (no cloak)
rCorr    .         Rampage  .   g - +0 pair of gloves
Will     .....                  (no boots)
Stlth    +++.......             (no amulet)
HPRegen  0.19/turn              w - ring of see invisible
MPRegen  0.15/turn              (no ring)

@: very slightly contaminated
A: fangs 1, strong nose, distributed training
a: Renounce Religion


You were on level 7 of the Dungeon.
You worshipped Vehumet.
Vehumet was noncommittal.
You visited 2 branches of the dungeon, and saw 8 of its levels.

You collected 316 gold pieces.

Inventory:

Hand Weapons
 b - a +1 vampiric dagger
 C - a +2 hand axe of flaming
 E - a +3 dagger
Missiles
 d - 21 poisoned darts
Armour
 e - a +0 robe (worn)
 g - a +0 pair of gloves (worn)
 t - a +0 buckler
Magical Staves
 a - a staff of death (weapon)
Jewellery
 w - a ring of see invisible (left hand)
Wands
 f - a wand of iceblast (18)
 v - a wand of flame (1)
 z - a wand of paralysis (7)
Scrolls
 c - 7 scrolls of identify {unknown}
 h - a scroll of amnesia {unknown}
 j - a scroll of immolation {unknown}
 k - a scroll of magic mapping {unknown}
 m - a scroll of enchant weapon {unknown}
 o - 3 scrolls of teleportation {unknown}
 p - 2 scrolls of fog {unknown}
 u - 4 scrolls of enchant armour {unknown}
 y - a scroll of acquirement {unknown}
 D - a scroll of fear {unknown}
 F - a scroll of noise {unknown}
Potions
 i - 2 potions of curing {unknown}
 l - 4 potions of flight {unknown}
 n - a potion of resistance {unknown}
 q - 2 potions of attraction {unknown}
 r - a potion of mutation {unknown}
 s - a potion of haste {unknown}
 x - a potion of lignification {unknown}
 A - a potion of brilliance {unknown}
 B - a potion of degeneration {unknown}


   Skills:
 + Level 3.6 Fighting
 + Level 3.6 Short Blades
 + Level 3.6 Long Blades
 + Level 3.6 Axes
 + Level 3.6 Maces & Flails
 + Level 3.6 Polearms
 + Level 3.6 Staves
 + Level 3.6 Slings
 + Level 3.6 Bows
 + Level 3.6 Crossbows
 + Level 3.6 Throwing
 + Level 3.6 Armour
 + Level 5.9 Dodging
 + Level 5.6 Stealth
 + Level 3.6 Shields
 + Level 3.6 Unarmed Combat
 + Level 6.2 Spellcasting
 + Level 7.8 Conjurations
 + Level 3.0 Hexes
 + Level 3.0 Summonings
 + Level 3.0 Necromancy
 + Level 3.0 Translocations
 + Level 3.0 Transmutations
 + Level 3.0 Fire Magic
 + Level 3.0 Ice Magic
 + Level 3.0 Air Magic
 + Level 3.0 Earth Magic
 + Level 3.0 Poison Magic
 + Level 4.0 Invocations
 + Level 3.6 Evocations


You had 16 spell levels left.
You knew the following spells:

 Your Spells              Type           Power      Damage    Failure   Level
a - Magic Dart            Conj           100%       1d8       1%          1
r - Searing Ray           Conj           70%        3d5       1%          2

Your spell library contained the following spells:

 Spells                   Type           Power      Damage    Failure   Level
 Foxfire                  Conj/Fire      100%       2x1d9     1%          1
 Sandblast                Erth           34%        2d9       3%          1
 Conjure Flame            Conj/Fire      26%        6-21      3%          3
 Dazzling Flash           Conj/Hex       52%        N/A       3%          3
 Passwall                 Tmut/Erth      14%        N/A       4%          2
 Slow                     Hex            17%        N/A       4%          2
 Confusing Touch          Hex            17%        N/A       10%         3
 Frozen Ramparts          Ice            34%        1d5       10%         3
 Inner Flame              Hex/Fire       17%        N/A       10%         3
 Fulminant Prism          Conj/Hex       13%        3d9       12%         4
 Iskenderun's Mystic Bla  Conj/Tloc      26%        2d7       12%         4
 Ice Form                 Ice/Tmut       17%        N/A       30%         4
 Summon Ice Beast         Ice/Summ       17%        N/A       30%         4
 Lee's Rapid Deconstruct  Erth           8%         3d8*      65%         5
 Yara's Violent Unravell  Hex/Tmut       8%         3d5       65%         5
 Malign Gateway           Summ/Tloc      8%         N/A       100%        7
 Summon Horrible Things   Summ           8%         N/A       100%        8


Dungeon Overview and Level Annotations

Branches:
Dungeon (7/15)             Temple (1/1) D:6

Altars:
Ashenzari
Cheibriados
Dithmenos
Elyvilon
Fedhas
Hepliaklqana
Kikubaaqudgha
Makhleb
Qazlal
Ru
Sif Muna
Trog
Uskayaw
Vehumet
Wu Jian
Xom
Yredelemnul
The Shining One

Shops:
D:5 *   D:7 *

Annotations:
D:3 2 transporters, fortune76's ghost, amateur GrMo


Innate Abilities, Weirdness & Mutations

You have very sharp teeth.
Your uncanny sense of smell can sniff out nearby items.
Your experience applies equally to all skills.


Message History

You open the door.
There is an open door here.
You open the door.
There is an open door here.
Found 5 boomerangs.
Found a granite statue.
You open the door.
A two-headed ogre comes into view.
It is wielding a +0 giant spiked club and a +0 giant club.
Casting: Searing Ray (safe; 1% risk of failure)
Confirm with . or Enter, or press ? or * to list all spells.
Aiming: Searing Ray (safe; 1% risk of failure)
Press: ? - help, Shift-Dir - straight line, f - two-headed ogre
Aim: a two-headed ogre, wielding a +0 giant spiked club and a +0 giant club (asleep, 100% to hit)
The searing ray hits the two-headed ogre!
The two-headed ogre is lightly wounded.
The two-headed ogre shouts in stereo! (Press . to maintain the ray.)
The searing ray misses the two-headed ogre.
The searing ray hits the two-headed ogre.
The two-headed ogre is moderately wounded.
The searing ray hits the two-headed ogre!
The two-headed ogre is moderately wounded.
You finish channeling your searing ray.
The two-headed ogre hits you with a +0 giant spiked club!!
The two-headed ogre barely misses you.
Unknown command.
Casting: Searing Ray (safe; 1% risk of failure)
Confirm with . or Enter, or press ? or * to list all spells.
Aiming: Searing Ray (safe; 1% risk of failure)
Press: ? - help, Shift-Dir - straight line, f/p - two-headed ogre
Aim: a two-headed ogre, wielding a +0 giant spiked club and a +0 giant club (moderately wounded, 91% to hit)
You miscast Searing Ray.
You are very lightly contaminated with residual magic.
Nothing appears to happen.
The two-headed ogre hits you with a +0 giant spiked club!!
* * * LOW HITPOINT WARNING * * *
The two-headed ogre hits you with a +0 giant club.
* * * LOW HITPOINT WARNING * * *
The two-headed ogre hits you with a +0 giant spiked club!!
You die...

.#.######.......#
##..# #....######
##.# #....##...##
###.# ####.#.....#
.##.########.#.....#
...........#.#.....
####.#####.#.# ...
### #..# ###.###O###
#<# # #### #....@..#
#.# # #.......# #.#
# .....#....8..+ #.#
# .....#.......# #..
# ##...##...(...#
#.# #
#.....#.###+######
... ######.....#.#
#'# ###
.....#.....#.# ∆ #.#
###.###.†.##.# #.#


You could see a two-headed ogre.

Vanquished Creatures
  Sigmund (D:3)
  A water moccasin (D:6)
  3 sky beasts
  2 necrophages
  An ogre (D:5)
  A bullfrog (D:5)
  A howler monkey (D:7)
  A crimson imp (D:5)
  A hound (D:5)
  An orc priest (D:5)
  A centaur skeleton (D:7)
  A bullfrog skeleton (D:5)
  5 iguanas
  7 orc wizards
  A hound zombie (D:5)
  A hound skeleton (D:5)
  5 adders
  A shadow imp (D:5)
  A white imp (D:4)
  An ufetubus (D:6)
  3 adder skeletons (D:4)
  5 dart slugs
  19 orcs
  4 endoplasms
  2 giant cockroaches
  9 goblins
  4 hobgoblins
  4 jackals (D:2)
  5 kobolds
  2 quokkas
  5 ball pythons
  3 bats
  2 frilled lizards
  3 rats
107 creatures vanquished.

Notes
Turn   | Place    | Note
-------+----------+-------------------------------------------
     0 | D:1      | Rickety the Gnoll Conjurer began the quest for the Orb.
     0 | D:1      | Reached XP level 1. HP: 13/13 MP: 6/6
   193 | D:1      | Reached XP level 2. HP: 19/19 MP: 5/7
   217 | D:1      | Learned a level 2 spell: Searing Ray
   905 | D:2      | Reached XP level 3. HP: 25/25 MP: 7/9
   909 | D:2      | Reached skill level 5 in Spellcasting
  1440 | D:2      | Reached skill level 1 in Invocations
  1517 | D:2      | Reached skill level 1 in Fighting
  1517 | D:2      | Reached skill level 1 in Short Blades
  1517 | D:2      | Reached skill level 1 in Long Blades
  1517 | D:2      | Reached skill level 1 in Axes
  1517 | D:2      | Reached skill level 1 in Maces & Flails
  1517 | D:2      | Reached skill level 1 in Polearms
  1517 | D:2      | Reached skill level 1 in Staves
  1517 | D:2      | Reached skill level 1 in Slings
  1517 | D:2      | Reached skill level 1 in Bows
  1517 | D:2      | Reached skill level 1 in Crossbows
  1517 | D:2      | Reached skill level 1 in Throwing
  1517 | D:2      | Reached skill level 1 in Armour
  1517 | D:2      | Reached skill level 1 in Shields
  1517 | D:2      | Reached skill level 1 in Unarmed Combat
  1517 | D:2      | Reached skill level 1 in Evocations
  1817 | D:3      | Noticed Sigmund
  1821 | D:3      | Killed Sigmund
  1822 | D:3      | Reached skill level 1 in Hexes
  1822 | D:3      | Reached skill level 1 in Summonings
  1822 | D:3      | Reached skill level 1 in Necromancy
  1822 | D:3      | Reached skill level 1 in Translocations
  1822 | D:3      | Reached skill level 1 in Transmutations
  1822 | D:3      | Reached skill level 1 in Fire Magic
  1822 | D:3      | Reached skill level 1 in Ice Magic
  1822 | D:3      | Reached skill level 1 in Air Magic
  1822 | D:3      | Reached skill level 1 in Earth Magic
  1822 | D:3      | Reached skill level 1 in Poison Magic
  1822 | D:3      | Reached XP level 4. HP: 21/33 MP: 4/11
  1822 | D:3      | Reached XP level 5. HP: 24/38 MP: 4/12
  1967 | D:3      | Reached XP level 6. HP: 44/44 MP: 11/13
  2138 | D:3      | Found a transporter.
  2141 | D:3      | Noticed fortune76's ghost (amateur GrMo)
  2654 | D:3      | Found a transporter.
  2878 | D:4      | Found a hazy altar of Hepliaklqana.
  3153 | D:4      | You fall into a shaft and drop 1 floor!
  3153 | D:5      | Entered Level 5 of the Dungeon
  3405 | D:4      | Noticed a sky beast
  3413 | D:4      | Killed a sky beast
  3414 | D:4      | Reached skill level 5 in Dodging
  4095 | D:5      | Found Lomeul's CLEARANCE SALE! EVERYTHING MUST GO!.
  4175 | D:5      | Reached XP level 7. HP: 50/50 MP: 8/15
  4358 | D:5      | Reached skill level 5 in Stealth
  4511 | D:5      | Found a burning altar of Makhleb.
  4548 | D:5      | Found a radiant altar of Vehumet.
  4555 | D:5      | Became a worshipper of Vehumet
  4726 | D:5      | Reached XP level 8. HP: 57/57 MP: 11/16
  4823 | D:4      | Found a basalt altar of Yredelemnul.
  5826 | D:6      | Found a staircase to the Ecumenical Temple.
  5835 | Temple   | Entered the Ecumenical Temple
  6529 | D:6      | Found a shimmering altar of Xom.
  7313 | D:7      | Found Dug Gups's Elemental Accessories.
  7492 | D:7      | Noticed a two-headed ogre
  7497 | D:7      | HP: 1/59 [two-headed ogre (6)]
  7498 | D:7      | Annihilated by a two-headed ogre

Illustrated notes

Levels and vault maps discovered:
D:1:      grunt_arrival_lava_bath, layout_rooms, minivault_5
D:2:      layout_basic, minmay_heptomino_d4
D:3:      layout_loops_ring, gammafunk_ghost_arena, kennysheep_generic_room_8,
          uniq_sigmund
D:4:      layout_basic, nicolae_overflow_hidden_temple,
          mainiacjoe_overflow_tiny_flanked, minmay_stone_trees_small
D:5:      layout_basic, grunt_temple_overflow_lords_of_destruction,
          nicolae_shop_clearance
D:6:      mumra_celtic_spiral_tile, layout_basic, tgw_xom,
          minmay_temple_entry_trees
D:7:      layout_basic, marbit_many_paths, nicolae_elemental_shop,
          minmay_three_doors
Temple:   nicolae_temple_figure_eight

Skill      XL: |  1  2  3  4  5  6  7  8 |
---------------+-------------------------+-----
Spellcasting   | 5 6 |  6.2
Invocations    | 1 2 3 4 |  4.0
Fighting       | 1 2 3 |  3.6
Short Blades   | 1 2 3 |  3.6
Long Blades    | 1 2 3 |  3.6
Axes           | 1 2 3 |  3.6
Maces & Flails | 1 2 3 |  3.6
Polearms       | 1 2 3 |  3.6
Staves         | 1 2 3 |  3.6
Slings         | 1 2 3 |  3.6
Bows           | 1 2 3 |  3.6
Crossbows      | 1 2 3 |  3.6
Throwing       | 1 2 3 |  3.6
Armour         | 1 2 3 |  3.6
Shields        | 1 2 3 |  3.6
Unarmed Combat | 1 2 3 |  3.6
Evocations     | 1 2 3 |  3.6
Hexes          | 1 2 3 |  3.0
Summonings     | 1 2 3 |  3.0
Necromancy     | 1 2 3 |  3.0
Translocations | 1 2 3 |  3.0
Transmutations | 1 2 3 |  3.0
Fire Magic     | 1 2 3 |  3.0
Ice Magic      | 1 2 3 |  3.0
Air Magic      | 1 2 3 |  3.0
Earth Magic    | 1 2 3 |  3.0
Poison Magic   | 1 2 3 |  3.0
Dodging        | 5 |  5.9
Stealth        | 5 |  5.6
Conjurations   | |  7.8

Action                   |  1- 3 |  4- 6 |  7- 9 || total
-------------------------+-------+-------+-------++-------
Melee: Dagger            |       |       |     1 ||     1
Throw: Dart              |       |       |     6 ||     6
 Cast: Magic Dart        |    55 |    59 |    34 ||   148
       Searing Ray       |     6 |    14 |    28 ||    48
 Stab: Sleeping          |       |       |     1 ||     1
Armor: Robe              |     1 |       |     7 ||     8
Dodge: Dodged            |     2 |     4 |    30 ||    36
